 Dungeon Crawl Stone Soup version 0.27-a0-1202-ge72e49191c (webtiles) character file.

Game seed: 18436070586780257721

658 quinnr the Magician (level 7, 0/45 HPs)
             Began as a Djinni Ice Elementalist on June 2, 2021.
             Killed by divine providence
             ... invoked by an orc priest
              (12 damage)
             ... on level 5 of the Dungeon.
             The game lasted 00:16:53 (6051 turns).

quinnr the Magician (Djinni Ice Elementalist)       Turns: 6051, Time: 00:16:54

Health: 0/45       AC:  4    Str:  7    XL:     7   Next: 86%
Gold:   143        EV: 12    Int: 18    God:
                   SH:  0    Dex: 14

rFire    + + +     SeeInvis .   D - +1 whip (antimagic)
rCold    x . .     Faith    .   (no shield)
rNeg     . . .     Spirit   .   a - +0 robe
rPois    ∞         Reflect  .   (no helmet)
rElec    .         Harm     .   t - +0 cloak
rCorr    .         Rampage  .   f - +0 pair of gloves
Will     .....                  (boots unavailable)
Stlth    +.........             (no amulet)
HPRegen  0.15/turn              h - ring of wizardry
MPRegen  0.00/turn              x - ring of protection from fire

@: confused, flying
A: sickness immunity, fire resistance 2, cold vulnerability 1, float, innate
caster, hp casting, extra vitality 1
a: no special abilities


You were on level 5 of the Dungeon.
You visited 1 branch of the dungeon, and saw 5 of its levels.

You collected 143 gold pieces.

Inventory:

Hand Weapons
 m - a +0 short sword of venom
 D - a +1 antimagic whip (weapon)
Missiles
 b - 28 poisoned darts
 e - 135 stones
 j - 3 atropa-tipped darts
 o - a throwing net
Armour
 a - a +0 robe (worn)
 f - a +0 pair of gloves (worn)
 t - a +0 cloak (worn)
Jewellery
 h - a ring of wizardry (left hand)
 k - an amulet of faith
 s - a ring of protection from fire
 x - a ring of protection from fire (right hand)
 y - the ring "Kaat" {*Slow rElec rPois Slay+2}
   (You took it off a hobgoblin on level 4 of the Dungeon)

   [ring of poison resistance]

   It affects your accuracy and damage with ranged weapons and melee attacks
   (+2).
   It insulates you from electricity.
   It protects you from poison.
   It may slow you when you take damage.
 B - a ring of positive energy
Wands
 A - a wand of mindburst (9)
Scrolls
 c - 4 scrolls of identify {unknown}
 d - a scroll of immolation {unknown}
 g - a scroll of enchant weapon {unknown}
 l - 2 scrolls of magic mapping {unknown}
 q - 2 scrolls of vulnerability {unknown}
 r - a scroll of blinking {unknown}
 v - a scroll of teleportation {unknown}
 C - a scroll of noise {unknown}
Potions
 i - 2 potions of resistance {unknown}
 n - a potion of attraction {unknown}
 p - 4 potions of curing {unknown}
 u - a potion of lignification {unknown}
 w - a potion of cancellation {unknown}
 z - a potion of mutation {unknown}


   Skills:
 - Level 2.1 Dodging
 - Level 1.5 Stealth
 + Level 7.0 Spellcasting


You couldn't memorise any spells.
You knew the following spells:

 Your Spells              Type           Power      Damage    Failure   Level
a - Freeze                Ice            100%       1d11      1%          1
b - Frozen Ramparts       Ice            62%        1d8       1%          3
c - Ozocubu's Armour      Ice            31%        N/A       1%          3
d - Hailstorm             Conj/Ice       31%        3d8       2%          4
e - Metabolic Englaciati  Hex/Ice        15%        N/A       7%          5
f - Magic Dart            Conj           100%       1d8       1%          1
g - Wereblood             Tmut           31%        N/A       1%          2
h - Lesser Beckoning      Tloc           15%        N/A       1%          3
Your spell library was empty.

Dungeon Overview and Level Annotations

Branches:
Dungeon (5/15)
 Temple: D:4-7

Altars:
Sif Muna
Zin

Shops:
D:4 (


Innate Abilities, Weirdness & Mutations

You are immune to sickness and miasma.
You are immune to poison.
Your flesh is very heat resistant. (rF++)
You are vulnerable to cold. (rC-)
You float through the air rather than walking.
You learn spells naturally, not from books.
Your magical power is your life essence.
You have superior vitality. (+4 HP)


Message History

Confirm with . or Enter, or press ? or * to list all spells.
Aiming: Freeze (safe; 1% risk of failure)
Press: ? - help, Shift-Dir - straight line, f - orc warrior
Aim: an orc warrior, wielding a +0 hand axe and wearing a +0 plate armour (moderately wounded)
You freeze the orc warrior!
The orc warrior is severely wounded.
The wall freezes the orc warrior.
The orc warrior hits you with a +0 hand axe!
Casting: Freeze (safe; 1% risk of failure)
Confirm with . or Enter, or press ? or * to list all spells.
Aiming: Freeze (safe; 1% risk of failure)
Press: ? - help, Shift-Dir - straight line, f/p - orc warrior
Aim: an orc warrior, wielding a +0 hand axe and wearing a +0 plate armour (almost dead)
You freeze the orc warrior.
You kill the orc warrior!
* * * LOW HITPOINT WARNING * * *
Your Spellcasting skill increases to level 7!
(D) Dungeon
Where to? (Enter - D:5, ? - help)
The frozen ramparts melt away as you move.
An orc priest comes into view. It is wielding a +0 short sword.
Aiming: Magic Dart (safe; 1% risk of failure)
Press: ? - help, Q - select action, (/) - cycle Shift-Dir - straight line, f - orc priest
Aim: an orc priest, wielding a +0 short sword and wearing a +0 robe (100% to hit)
The magic dart hits the orc priest but does no damage.
* * * LOW HITPOINT WARNING * * *
An orc wizard comes into view. It is wielding a +0 dagger.
Aiming: Magic Dart (safe; 1% risk of failure)
Press: ? - help, Q - select action, (/) - cycle Shift-Dir - straight line, f/p - orc priest
Aim: an orc priest, wielding a +0 short sword and wearing a +0 robe (100% to hit)
The magic dart hits the orc priest!
The orc priest is heavily wounded.
The orc wizard shouts!
* * * LOW HITPOINT WARNING * * *
You hear a shout!
The orc wizard points at you and mumbles some strange words.
You are confused.
The orc priest mumbles some strange prayers to Beogh against you.
Beogh smites you!
You die...

#.# #.# #.# #.# ##.###.#
#### #.# ##...##)### .o.#
#.###...........
.#####.###.##...#####..#.
........##.#....# ....
................# ..#.
######..####....# ....
.......o@.>...).# .)##
######).######..... ..#
#.......# ######
.....###.# ##.# #.# #
#.###### #......#
#.####.# ### #...#


You could see an orc priest and an orc wizard.

Vanquished Creatures
  2 orc warriors
  A black bear (D:4)
  A scorpion (D:4)
  Crazy Yiuf (D:3)
  Jessica (D:2)
  Ijyb (D:4)
  8 gnolls
  A howler monkey skeleton (D:5)
  7 adders
  An ufetubus (D:5)
  2 worms (D:2)
  2 dart slugs (D:2)
  8 orcs
  7 bats
  2 endoplasms
  3 giant cockroaches
  8 goblins
  10 hobgoblins
  7 kobolds
  5 quokkas
  5 ball pythons
  4 frilled lizards
  5 rats
92 creatures vanquished.

Vanquished Creatures (others)
  A fungus (D:3)
1 creature vanquished.

Grand Total: 93 creatures vanquished

Notes
Turn   | Place    | Note
-------+----------+-------------------------------------------
     0 | D:1      | quinnr the Djinni Ice Elementalist began the quest for the
                  | Orb.
     0 | D:1      | Reached XP level 1. HP: 15/15 MP: 0/0
   133 | D:1      | HP: 1/15 [frozen (7)]
   567 | D:1      | Reached XP level 2. HP: 20/21 MP: 0/0
  1215 | D:2      | Found a faded altar of an unknown god.
  1322 | D:2      | Reached XP level 3. HP: 23/25 MP: 0/0
  1322 | D:2      | Learned a level 1 spell: Magic Dart
  1736 | D:2      | Reached skill level 4 in Spellcasting
  2553 | D:2      | Reached XP level 4. HP: 27/31 MP: 0/0
  3019 | D:2      | Noticed Jessica
  3022 | D:2      | Killed Jessica
  3023 | D:2      | Reached XP level 5. HP: 28/35 MP: 0/0
  3023 | D:2      | Learned a level 2 spell: Wereblood
  3035 | D:2      | Reached skill level 5 in Spellcasting
  4082 | D:3      | Found a glowing silver altar of Zin.
  4171 | D:3      | Found a runed translucent door.
  4172 | D:3      | Noticed Crazy Yiuf
  4180 | D:3      | Killed Crazy Yiuf
  4181 | D:3      | Reached XP level 6. HP: 22/40 MP: 0/0
  4406 | D:4      | Found Aqyelug's Antique Weapon Shop.
  4705 | D:4      | Noticed an orc warrior
  4830 | D:4      | Killed an orc warrior
  4831 | D:4      | Reached skill level 6 in Spellcasting
  4831 | D:4      | Reached XP level 7. HP: 25/45 MP: 0/0
  4831 | D:4      | Learned a level 3 spell: Lesser Beckoning
  4965 | D:4      | Identified the ring "Kaat" {*Slow rElec rPois Slay+2}
  5180 | D:4      | Noticed Ijyb
  5209 | D:4      | Killed Ijyb
  5735 | D:5      | Entered Level 5 of the Dungeon
  6048 | D:5      | Reached skill level 7 in Spellcasting
  6051 | D:5      | Killed from afar by an orc priest

Illustrated notes

Levels and vault maps discovered:
D:1:      eino_arrival_water_star, layout_basic, fountainhead,
          serial_bayou_pond_d, nrook_loot_triangle
D:2:      layout_basic, basic_altar, shapermc_ecumenical_altar_flowoftime,
          uniq_jessica
D:3:      layout_rooms, nicolae_overflow_crystal_walls, uniq_crazy_yiuf_cottage
D:4:      kennysheep_the_goblin_king, layout_rooms, serial_shops, shop,
          minmay_unequal, uniq_ijyb
D:5:      layout_loops_ring, minmay_temple_entry_gardened_gates,
          minmay_increasing_density, uniq_eustachio, uniq_grinder,
          uniq_prince_ribbit1

Skill      XL: |  1  2  3  4  5  6  7 |
---------------+----------------------+-----
Spellcasting   | 4 5 6 7 |  7.0
Dodging        | |  2.1
Stealth        | |  1.5

Action                   |  1- 3 |  4- 6 |  7- 9 || total
-------------------------+-------+-------+-------++-------
Melee: Short sword       |     3 |     4 |       ||     7
Throw: Stone             |     1 |     1 |       ||     2
 Cast: Freeze            |    38 |    21 |    12 ||    71
       Magic Dart        |     3 |    57 |    24 ||    84
       Frozen Ramparts   |     2 |    12 |     5 ||    19
       Wereblood         |       |     2 |       ||     2
       Hailstorm         |       |     4 |     7 ||    11
       Ozocubu's Armour  |       |     1 |       ||     1
       Metabolic Englaci |       |     1 |     2 ||     3
       Lesser Beckoning  |       |       |     1 ||     1
Armor: Robe              |     8 |     2 |     3 ||    13
Dodge: Dodged            |    26 |    19 |     9 ||    54

Table legend: (Time is in decaauts)
 A = Elapsed time spent in this place.
 B = Non-inter-level travel time spent in this place.
 C = Inter-level travel time spent in this place.
 D = Time resting spent in this place.
 E = Time spent auto-exploring this place.
 F = Levels seen in this place.
 G = Mean time per level.
                   A        B        C        D        E       F      G
               +--------+--------+--------+--------+--------+-----+--------+
         Total |   6056 |   5911 |    145 |   1756 |   3385 |   5 | 1211.2 |
       Dungeon |   6056 |   5911 |    145 |   1756 |   3385 |   5 | 1211.2 |
               +--------+--------+--------+--------+--------+-----+--------+

Top non-repeatable levels by time:
     D:1: 1997 daAuts
     D:2: 1625 daAuts
     D:4: 1524 daAuts
     D:3: 733 daAuts
     D:5: 176 daAuts
